3AAA
ELLENBURG FIGHTING DACHSUNDS @ BRINKLEY BELUGAS
08/29/2029
 
TOP OF THE 1ST
Ellenburg Fighting Dachsunds batting - Pitching for Brinkley Belugas : RHP Carlos Peret
Pitching: RHP Carlos Peret
Batting: RHB Edwin Berns 0-0: Ball
1-0: Called Strike
1-1: Ball
2-1: Ball
3-1: Foul Ball, location: 2F
3-2: Strikes out swinging
Batting: RHB José Vázquez 0-0: Ball
1-0: Ball
2-0: Ball
3-0: Base on Balls
Batting: RHB Steve Koch 0-0: Called Strike
0-1: Foul Ball, location: 2F
0-2: Ball
1-2: Ball
2-2: Foul Ball, location: 2F
2-2: Ball
3-2: Foul Ball, location: 2F
3-2: Foul Ball, location: 2F
3-2: Fly out, F9 (Flyball, 9S)
Batting: RHB Alan McLennan 0-0: Called Strike
0-1: Swinging Strike
0-2: Ball
1-2: Ball
2-2: Ball
3-2: Base on Balls
José Vázquez to second
Batting: LHB Vicente Castaneda 0-0: Ball
1-0: Ball
2-0: Ball
3-0: Called Strike
3-1: Foul Ball, location: 2F
3-2: Base on Balls
José Vázquez to third
Alan McLennan to second
Batting: RHB Gonzalo Sánchez 0-0: Ball
1-0: Foul Ball, location: 2F
1-1: Ball
2-1: Ball
3-1: Called Strike
3-2: Strikes out looking
Top of the 1st over - 0 runs, 0 hits, 0 errors, 3 left on base; Ellenburg 0 - Brinkley 0
BOTTOM OF THE 1ST
Brinkley Belugas batting - Pitching for Ellenburg Fighting Dachsunds : RHP Danny Bystrom
Pitching: RHP Danny Bystrom
Batting: LHB Marcos Deleón 0-0: Ball
1-0: Foul Ball, location: 2F
1-1: Ball
2-1: Called Strike
2-2: Ball
3-2: Foul Ball, location: 2F
3-2: Base on Balls
Batting: RHB Orlando Velásquez 0-0: Ball
1-0: Fly out, F9 (Flyball, 9LSF)
Batting: LHB William O'Keefe 0-0: Called Strike
0-1: Foul Ball, location: 2F
0-2: Ball
1-2: DOUBLE (Line Drive, 89XD)
Marcos Deleón to third
Runner from 3rd tries for Home, SAFE, no throw
Batting: LHB Mario Nieves 0-0: Ball
1-0: Ball
2-0: Ground out 3-1 (Groundball, 34S)
William O'Keefe to third
Batting: RHB Wu-shiun Wang 0-0: Ball
1-0: Called Strike
1-1: SINGLE (Groundball, 15S) (infield hit)
William O'Keefe scores
Batting: LHB Mike Cook 0-0: Ball
Wu-shiun Wang is caught stealing 2nd base
Bottom of the 1st over - 2 runs, 2 hits, 0 errors, 0 left on base; Ellenburg 0 - Brinkley 2
TOP OF THE 2ND
Ellenburg Fighting Dachsunds batting - Pitching for Brinkley Belugas : RHP Carlos Peret
Batting: RHB Preston Hernández 0-0: Foul Ball, location: 2F
0-1: SINGLE (Groundball, 6MD)
Batting: RHB Meka Knight 0-0: Ball
1-0: Ball
2-0: Ball
3-0: Called Strike
3-1: Base on Balls
Preston Hernández to second
Batting: RHB Marty Jennings 0-0: Swinging Strike
0-1: Foul Ball, location: 2F
0-2: Ball
1-2: Fly out, F7 (Flyball, 78M)
Batting: RHB Edwin Berns 0-0: Called Strike
0-1: Fly out, F7 (Flyball, 7LS)
Batting: RHB José Vázquez 0-0: SINGLE (Groundball, 6MD)
Preston Hernández to third
Meka Knight to second
Runner from 3rd tries for Home, SAFE, throw made home
Batting: RHB Steve Koch 0-0: Called Strike
0-1: Swinging Strike
0-2: Ball
1-2: Fly out, F7 (Flyball, 7LS)
Top of the 2nd over - 1 run, 2 hits, 0 errors, 2 left on base; Ellenburg 1 - Brinkley 2
BOTTOM OF THE 2ND
Brinkley Belugas batting - Pitching for Ellenburg Fighting Dachsunds : RHP Danny Bystrom
Batting: LHB Mike Cook 0-0: Called Strike
0-1: Swinging Strike
0-2: Ball
1-2: Foul Ball, location: 2F
1-2: Ball
2-2: Ball
3-2: Foul Ball, location: 2F
3-2: Ground out 6-3 (Groundball, 6)
Batting: SHB Mario Domondón 0-0: Called Strike
0-1: Fly out, F8 (Flyball, 8LM)
Batting: LHB Natale Langushi 0-0: Ball
1-0: Ball
2-0: Foul Ball, location: 2F
2-1: Foul Ball, location: 2F
2-2: Ball
3-2: Base on Balls
Batting: RHB Reggie Kahn 0-0: Fly out, F8 (Flyball, 8LM)
Bottom of the 2nd over - 0 runs, 0 hits, 0 errors, 1 left on base; Ellenburg 1 - Brinkley 2
TOP OF THE 3RD
Ellenburg Fighting Dachsunds batting - Pitching for Brinkley Belugas : RHP Carlos Peret
Batting: RHB Alan McLennan 0-0: Called Strike
0-1: Ball
1-1: Called Strike
1-2: Ball
2-2: SINGLE (Flyball, 89S)
Batting: LHB Vicente Castaneda 0-0: Called Strike
0-1: Foul Ball, location: 2F
0-2: Strikes out swinging
Batting: RHB Gonzalo Sánchez 0-0: Ball
1-0: Swinging Strike
1-1: Ball
2-1: Called Strike
2-2: Foul Ball, location: 2F
2-2: Foul Ball, location: 2F
2-2: Foul Ball, location: 2F
2-2: Ball
3-2: Base on Balls
Alan McLennan to second
Batting: RHB Preston Hernández 0-0: Called Strike
0-1: SINGLE (Groundball, 34D)
Alan McLennan to third
Gonzalo Sánchez to second
Runner from 3rd tries for Home, SAFE, no throw
Batting: RHB Meka Knight 0-0: Ball
1-0: Ball
2-0: Fly out, F8 (Flyball, 8LS)
Batting: RHB Marty Jennings 0-0: Called Strike
0-1: Ball
1-1: Fielders Choice at 2nd, 5-4 (Groundball, 56)
Top of the 3rd over - 1 run, 2 hits, 0 errors, 2 left on base; Ellenburg 2 - Brinkley 2
BOTTOM OF THE 3RD
Brinkley Belugas batting - Pitching for Ellenburg Fighting Dachsunds : RHP Danny Bystrom
Batting: LHB Marcos Deleón 0-0: Called Strike
0-1: Ball
1-1: Foul Ball, location: 2F
1-2: Foul Ball, location: 2F
1-2: Ball
2-2: Ball
3-2: Foul Ball, location: 2F
3-2: Foul Ball, location: 2F
3-2: Fly out, F8 (Flyball, 8RS)
Batting: RHB Orlando Velásquez 0-0: Called Strike
0-1: Swinging Strike
0-2: Foul Ball, location: 2F
0-2: Ball
1-2: Ball
2-2: SINGLE (Line Drive, 56D)
Batting: LHB William O'Keefe 0-0: Ball
1-0: Ball
2-0: Fly out, F9 (Flyball, 9D)
Batting: LHB Mario Nieves 0-0: Called Strike
Orlando Velásquez is caught stealing 2nd base
Bottom of the 3rd over - 0 runs, 1 hit, 0 errors, 0 left on base; Ellenburg 2 - Brinkley 2
TOP OF THE 4TH
Ellenburg Fighting Dachsunds batting - Pitching for Brinkley Belugas : RHP Carlos Peret
Batting: RHB Edwin Berns 0-0: Single, Error in OF, E9, batter to second base
Batting: RHB José Vázquez 0-0: Called Strike
0-1: Ball
1-1: DOUBLE (Line Drive, 78D)
Edwin Berns scores
Batting: RHB Steve Koch 0-0: Ball
1-0: Ball
2-0: SINGLE (Line Drive, 4MD)
José Vázquez to third
Batting: RHB Alan McLennan 0-0: Ball
1-0: Ball
2-0: Ball
3-0: Base on Balls
Steve Koch to second
Batting: LHB Vicente Castaneda 0-0: Called Strike
0-1: Ball
1-1: Ball
2-1: Foul Ball, location: 2F
2-2: Foul Ball, location: 2F
2-2: Foul Ball, location: 2F
2-2: Strikes out looking
Batting: RHB Gonzalo Sánchez 0-0: Called Strike
0-1: Swinging Strike
0-2: Ball
1-2: Ball
Wild Pitch!
José Vázquez scores
Steve Koch to third
Alan McLennan to second
2-2: Ball
3-2: Base on Balls
Batting: RHB Preston Hernández 0-0: Ball
1-0: Called Strike
1-1: Foul Ball, location: 2F
1-2: Strikes out swinging
Pitching: RHP Arturo Villa
Batting: RHB Meka Knight 0-0: Foul Ball, location: 2F
0-1: Ball
1-1: Foul Ball, location: 2F
1-2: Strikes out swinging
Top of the 4th over - 2 runs, 3 hits, 1 error, 3 left on base; Ellenburg 4 - Brinkley 2
BOTTOM OF THE 4TH
Brinkley Belugas batting - Pitching for Ellenburg Fighting Dachsunds : RHP Danny Bystrom
Batting: LHB Mario Nieves 0-0: Ball
1-0: Foul Ball, location: 2F
1-1: Called Strike
1-2: Foul Ball, location: 2F
1-2: Foul Ball, location: 2F
1-2: Strikes out looking
Batting: RHB Wu-shiun Wang 0-0: Fly out, F8 (Flyball, 8LM)
Batting: LHB Mike Cook 0-0: Ball
1-0: Ball
2-0: Foul Ball, location: 2F
2-1: Called Strike
2-2: Foul Ball, location: 2F
2-2: Ball
3-2: Foul Ball, location: 2F
3-2: Ground out 4-3 (Groundball, 4)
Bottom of the 4th over - 0 runs, 0 hits, 0 errors, 0 left on base; Ellenburg 4 - Brinkley 2
TOP OF THE 5TH
Ellenburg Fighting Dachsunds batting - Pitching for Brinkley Belugas : RHP Arturo Villa
Batting: RHB Marty Jennings 0-0: Called Strike
0-1: Ball
1-1: Swinging Strike
1-2: Ball
2-2: SOLO HOME RUN (Line Drive, 7LD), Distance : 366 ft
Batting: RHB Edwin Berns 0-0: Called Strike
0-1: Ball
1-1: Fly out, F7 (Flyball, 7)
Batting: RHB José Vázquez 0-0: Ball
1-0: Foul Ball, location: 2F
1-1: Ball
2-1: Foul Ball, location: 2F
2-2: Fly out, F8 (Flyball, 89M)
Batting: RHB Steve Koch 0-0: Foul Ball, location: 2F
0-1: Fly out, F5 (Line Drive, 56)
Top of the 5th over - 1 run, 1 hit, 0 errors, 0 left on base; Ellenburg 5 - Brinkley 2
BOTTOM OF THE 5TH
Brinkley Belugas batting - Pitching for Ellenburg Fighting Dachsunds : RHP Danny Bystrom
Batting: SHB Mario Domondón 0-0: Ball
1-0: Ball
2-0: Ball
3-0: Called Strike
3-1: Called Strike
3-2: Base on Balls
Batting: LHB Natale Langushi 0-0: Called Strike
0-1: Ball
1-1: Ball
2-1: Foul Ball, location: 2F
2-2: Ball
Mario Domondón is caught stealing 2nd base
3-2: Foul Ball, location: 2F
3-2: Base on Balls
Batting: RHB Reggie Kahn 0-0: Called Strike
0-1: Ground out 4-3 (Groundball, 4S)
Natale Langushi to second
Batting: LHB Marcos Deleón 0-0: Foul Ball, location: 2F
0-1: Swinging Strike
0-2: Strikes out swinging
Bottom of the 5th over - 0 runs, 0 hits, 0 errors, 1 left on base; Ellenburg 5 - Brinkley 2
TOP OF THE 6TH
Ellenburg Fighting Dachsunds batting - Pitching for Brinkley Belugas : RHP Arturo Villa
Batting: RHB Alan McLennan 0-0: Called Strike
0-1: Foul Ball, location: 2F
0-2: Strikes out looking
Batting: LHB Vicente Castaneda 0-0: Ground out U3 (Groundball, 34S)
Batting: RHB Gonzalo Sánchez 0-0: Foul Ball, location: 2F
0-1: Swinging Strike
0-2: Ball
1-2: Fly out, F9 (Flyball, 9LS)
Top of the 6th over - 0 runs, 0 hits, 0 errors, 0 left on base; Ellenburg 5 - Brinkley 2
BOTTOM OF THE 6TH
Brinkley Belugas batting - Pitching for Ellenburg Fighting Dachsunds : RHP Danny Bystrom
Batting: RHB Orlando Velásquez 0-0: Foul Ball, location: 2F
0-1: Foul Ball, location: 2F
0-2: Fly out, F7 (Flyball, 78S)
Batting: LHB William O'Keefe 0-0: Ball
1-0: Called Strike
1-1: Ball
2-1: Foul Ball, location: 2F
2-2: Fly out, F7 (Flyball, 7)
Batting: LHB Mario Nieves 0-0: Ball
1-0: Ball
2-0: Fly out, F9 (Flyball, 9LS)
Bottom of the 6th over - 0 runs, 0 hits, 0 errors, 0 left on base; Ellenburg 5 - Brinkley 2
TOP OF THE 7TH
Ellenburg Fighting Dachsunds batting - Pitching for Brinkley Belugas : RHP Arturo Villa
Batting: RHB Preston Hernández 0-0: Fly out, F9 (Flyball, 9)
Batting: RHB Meka Knight 0-0: Foul Ball, location: 2F
0-1: Ball
1-1: SINGLE (Line Drive, 5D)
Batting: RHB Marty Jennings 0-0: SINGLE (Line Drive, 78S)
Meka Knight to second
Batting: RHB Edwin Berns 0-0: Called Strike
0-1: SINGLE (Flyball, 89S)
Meka Knight to third
Marty Jennings to second
Batting: RHB José Vázquez 0-0: Called Strike
0-1: Foul Ball, location: 2F
0-2: Ball
1-2: Ball
2-2: Ball
3-2: Foul Ball, location: 2F
3-2: Fly out, F9 (Flyball, 9S)
Batting: RHB Steve Koch 0-0: Ball
1-0: Ground out 1-3 (Groundball, 13S)
Top of the 7th over - 0 runs, 3 hits, 0 errors, 3 left on base; Ellenburg 5 - Brinkley 2
BOTTOM OF THE 7TH
Brinkley Belugas batting - Pitching for Ellenburg Fighting Dachsunds : RHP Danny Bystrom
Batting: RHB Wu-shiun Wang 0-0: Ball
1-0: Swinging Strike
1-1: SINGLE (Line Drive, 8LS)
Batting: LHB Mike Cook 0-0: Ball
1-0: Ball
2-0: Grounds into double play, 4-6-3 (Groundball, 4)
Batting: SHB Mario Domondón 0-0: Called Strike
0-1: Ball
1-1: Ball
2-1: Foul Ball, location: 2F
2-2: Ball
3-2: SINGLE (Line Drive, 34D)
Batting: LHB Natale Langushi 0-0: Called Strike
0-1: Ball
1-1: Ball
2-1: Ball
3-1: Swinging Strike
3-2: Base on Balls
Mario Domondón to second
Pitching: LHP Jack King
Batting: RHB Reggie Kahn 0-0: Foul Ball, location: 2F
0-1: Called Strike
0-2: Strikes out swinging
Bottom of the 7th over - 0 runs, 2 hits, 0 errors, 2 left on base; Ellenburg 5 - Brinkley 2
TOP OF THE 8TH
Ellenburg Fighting Dachsunds batting - Pitching for Brinkley Belugas : RHP Arturo Villa
Batting: RHB Alan McLennan 0-0: Foul Ball, location: 2F
0-1: Ball
1-1: Foul Ball, location: 2F
1-2: Foul Ball, location: 2F
1-2: Ground out 5-3 (Groundball, 56)
Batting: LHB Vicente Castaneda 0-0: Ball
1-0: Foul Ball, location: 2F
1-1: Ball
2-1: Swinging Strike
2-2: Ball
3-2: Foul Ball, location: 2F
3-2: Strikes out swinging
Batting: RHB Gonzalo Sánchez 0-0: Called Strike
0-1: Ball
1-1: Called Strike
1-2: Ground out 4-3 (Groundball, 4)
Top of the 8th over - 0 runs, 0 hits, 0 errors, 0 left on base; Ellenburg 5 - Brinkley 2
BOTTOM OF THE 8TH
Brinkley Belugas batting - Pitching for Ellenburg Fighting Dachsunds : LHP Jack King
Batting: LHB Marcos Deleón 0-0: Called Strike
0-1: Called Strike
0-2: Ball
1-2: Foul Ball, location: 2F
1-2: Foul Ball, location: 2F
1-2: Ball
2-2: Ground out 6-3 (Groundball, 6)
Batting: RHB Orlando Velásquez 0-0: Hit by Pitch
Batting: LHB William O'Keefe 0-0: Ball
1-0: Fly out, F9 (Flyball, 9S)
Batting: LHB Mario Nieves 0-0: Swinging Strike
0-1: Foul Ball, location: 2F
0-2: Ball
1-2: Strikes out swinging
Bottom of the 8th over - 0 runs, 0 hits, 0 errors, 1 left on base; Ellenburg 5 - Brinkley 2
TOP OF THE 9TH
Ellenburg Fighting Dachsunds batting - Pitching for Brinkley Belugas : RHP Arturo Villa
Pitching: RHP António Rúbio
Batting: RHB Preston Hernández 0-0: Ball
1-0: Ball
2-0: Reached on error, E6 (Line Drive, 6)
Batting: RHB Meka Knight 0-0: Ball
1-0: Foul Ball, location: 2F
1-1: Called Strike
1-2: Fly out, F8 (Line Drive, 8RD)
Batting: RHB Marty Jennings 0-0: Swinging Strike
0-1: Called Strike
0-2: Strikes out swinging
Batting: RHB Edwin Berns 0-0: Foul Ball, location: 2F
0-1: Ground out U3 (Groundball, 3)
Top of the 9th over - 0 runs, 0 hits, 1 error, 1 left on base; Ellenburg 5 - Brinkley 2
BOTTOM OF THE 9TH
Brinkley Belugas batting - Pitching for Ellenburg Fighting Dachsunds : LHP Jack King
Pitching: LHP José Tovar
Batting: RHB Wu-shiun Wang 0-0: Called Strike
0-1: Foul Ball, location: 2F
0-2: Foul Ball, location: 2F
0-2: Ball
1-2: Ball
2-2: SINGLE (Line Drive, 89S)
Batting: LHB Mike Cook 0-0: Ball
1-0: Foul Ball, location: 2F
1-1: Ball
2-1: SINGLE (Groundball, 4MD)
Wu-shiun Wang to second
Pinch Hitting: RHB Parker Smith 0-0: Ball
1-0: Swinging Strike
1-1: Ball
2-1: Ball
3-1: Base on Balls
Wu-shiun Wang to third
Mike Cook to second
Pinch Hitting: RHB José Ruíz 0-0: Called Strike
0-1: Ball
1-1: Ball
2-1: Fly out, F9 (Flyball, 9LMF)
Runner from 3rd tags up, SCORES, no throw
Batting: RHB Reggie Kahn 0-0: Foul Ball, location: 2F
0-1: Foul Ball, location: 2F
0-2: Ball
1-2: Foul Ball, location: 2F
1-2: Strikes out swinging
Batting: LHB Marcos Deleón 0-0: Ball
1-0: Ball
2-0: Ball
3-0: Called Strike
3-1: Fielders Choice at 2nd, 6-4 (Groundball, 6)
Bottom of the 9th over - 1 run, 2 hits, 0 errors, 2 left on base; Ellenburg 5 - Brinkley 3
Tuesday, December 19th, 2017 - OOTP Baseball 18.8 Build 76